[Event "Live Chess"]
[Site "Chess.com"]
[Date "2024.06.01"]
[Round "-"]
[White "ProfPoisson"]
[Black "IgorSchukin"]
[Result "0-1"]
[WhiteElo "1273"]
[BlackElo "1708"]
[TimeControl "300"]
[EndTime "14:51:56 PDT"]
[Termination "IgorSchukin won by checkmate"]

1. e4 c5 2. Nc3 e6 3. f4 Nc6 4.
Nf3 d5 5. Bb5 d4 6. Bxc6+ bxc6 7.
Ne2 Nf6 8. d3 Be7 9. O-O a5 10.
a4 O-O 11. Ne5 Qc7 12. Qe1 Bd6 13. Nc4 Be7 14. e5 Nd5 15. Qg3 f5 16. exf6 Bxf6 17.
f5 Qxg3 18. Nxg3 exf5 19. Nxf5 Bxf5 20. Rxf5 Nb4 21. Rxc5 Nxc2 22. Rb1 Nb4 23. b3 Rfc8 24. Rf5 Nxd3 25. Nd6 Rd8 26. Nb7 Rd7 27. Nxa5 Nxc1 28. Rxc1 d3 29. Nxc6 d2 30. Rd1 Rc8 31. Ne5 Rc1 32.
Rff1 Rxd1 33. Rxd1 Bxe5 34. b4 Bc3 35. b5 Re7 36. Kf1 Re1+ 37. Rxe1 dxe1=Q# 0-1

[Event "Live Chess"]
[Site "Chess.com"]
[Date "2024.06.01"]
[Round "-"]
[White "wadsy27"]
[Black "AndrewBak1"]
[Result "1-0"]
[WhiteElo "2540"]
[BlackElo "1868"]
[TimeControl "300"]
[EndTime "14:52:01 PDT"]
[Termination "wadsy27 won by checkmate"]

1. d4 d5 2. c4 c6 3. cxd5 cxd5 4. Nc3 e5 5. dxe5 d4 6. Ne4 Qa5+ 7. Bd2 Qxe5 8. Rc1 Nc6 9. Ng3 Nf6 10. Nf3 Qd6 11. Qc2 g6 12. Ne4 Nxe4 13. Qxe4+ Qe6 14. Qxe6+ Bxe6 15. a3 Bg7 16. g3 O-O 17. Bg2 d3 18.
exd3 Bxb2 19. Rb1 Bxa3 20. O-O Rad8 21. Bh6 Rfe8 22. Rxb7 Bd5 23. Ng5 Re7 24. Rfb1 Bxg2 25.
Kxg2 Rxd3 26. Rb8+ Rd8 27. Rxd8+ Nxd8 28. Rb8 Re8 29.
Ra8 Bc5 30. Ne4 Be7 31. Rxa7 f5 32. Nc3 Bf8 33. Nd5 Bxh6 34. Nf6+ Kh8 35. Rxh7# 1-0

[Event "Live Chess"]
[Site "Chess.com"]
[Date "2024.06.01"]
[Round "-"]
[White "jellhhggffhjjjjjj"]
[Black "AlexanderMatlak"]
[Result "0-1"]
[WhiteElo "404"]
[BlackElo "2433"]
[TimeControl "300"]
[EndTime "14:52:17 PDT"]
[Termination "AlexanderMatlak won by checkmate"]

1. c4 c5 2. Nc3 b6 3. d3 Bb7 4.
Nf3 Nf6 5. g3 e6 6. Bg2 Be7 7.
Be3 O-O 8. Qb3 d5 9. cxd5 exd5 10. Bg5 h6 11. Bxh6 gxh6 12. Nh4 Qd7 13. e4 c4 14. Qc2 cxd3 15. Qxd3 dxe4 16. Qxd7 Nbxd7 17.
O-O-O Rac8 18. Kb1 Bb4 19. Nf5 Bxc3 20. Ne7+ Kg7 21.
Nxc8 Rxc8 22. bxc3 Rxc3 23. Rc1 Rd3 24. Rhd1 Ba6 25.
f4 Nc5 26. Bf1 Rxd1 27. Rxd1 Bxf1 28. Rxf1 Nd5 29. Rd1 Nc3+ 30. Kc2 Nxd1 31. Kxd1 Kf6 32. Ke2 Kf5 33. Ke3 Kg4 34. Kf2 Kh3 35. f5 Kxh2 36. g4 Kh3 37. f6 Kxg4 38. Ke3 Kf5 39. Kd4 h5 40. Ke3 h4 41. Kf2 h3 42. Kg1 e3 43.
Kh1 e2 44. Kh2 e1=Q 45. Kxh3 Kf4 46. Kh2 Qf2+ 47. Kh1 Kg3 48. a4 Qg2# 0-1

[Event "Live Chess"]
[Site "Chess.com"]
[Date "2024.06.01"]
[Round "-"]
[White "lyricalschemes"]
[Black "RichardABates"]
[Result "1/2-1/2"]
[WhiteElo "2430"]
[BlackElo "2245"]
[TimeControl "300"]
[EndTime "14:52:36 PDT"]
[Termination "Game drawn by repetition"]

1. e4 c5 2. Nf3 d6 3. Bb5+ Nd7 4. Bxd7+ Bxd7 5. O-O Nf6 6. Re1 e6 7. d4 cxd4 8. Qxd4 Be7 9. Nc3 O-O 10. Bg5 Qc7 11.
Rad1 Bc6 12. Bxf6 Bxf6 13. Qxd6 Qxd6 14. Rxd6 Bxc3 15. bxc3 Rfd8 16. Rxd8+ Rxd8 17. Nd4 e5 18. Nxc6 bxc6 19. Kf1 Rd2 20. Re2 Rd1+ 21. Re1 Rd2 22. Re2 Rd1+ 23. Re1 Rd2 1/2-1/2

[Event "Live Chess"]
[Site "Chess.com"]
[Date "2024.06.01"]
[Round "-"]
[White "CheckThis4"]
[Black "FlyingChessKestrel13"]
[Result "1-0"]
[WhiteElo "2681"]
[BlackElo "2068"]
[TimeControl "300"]
[EndTime "14:52:51 PDT"]
[Termination "CheckThis4 won by resignation"]

1. d4 d5 2. c4 dxc4 3. Nf3 Nf6 4.
Nc3 a6 5. e4 b5 6. e5 Nd5 7. a4 b4 8. Nxd5 Qxd5 9. g3 Bb7 10.
Bg2 Qd7 11. O-O e6 12. Bg5 Be7 13. Rc1 Bd5 14. Bxe7 Qxe7 15. Nd2 Bxg2 16. Kxg2 O-O 17. Rxc4 Rd8 18. Qf3 Nd7 19. Rxc7 Qe8 20. Ne4 Nb6 21.
Nd6 Rxd6 22. exd6 Nd5 23. d7 Qd8 24. Rfc1 Nxc7 25. Rxc7 Rb8 26. Qc6 Kf8 27. Rc8 1-0

[Event "Live Chess"]
[Site "Chess.com"]
[Date "2024.06.01"]
[Round "-"]
[White "ACM42"]
[Black "katoma"]
[Result "0-1"]
[WhiteElo "2171"]
[BlackElo "2041"]
[TimeControl "300"]
[EndTime "14:52:57 PDT"]
[Termination "katoma won by resignation"]

1. e4 c5 2. Nf3 Nc6 3. d4 cxd4 4. Nxd4 e5 5. Nb5 d6 6. c4 f5 7. exf5 Bxf5 8. Bd3 Be6 9. O-O Nf6 10. N1c3 Be7 11. Bg5 O-O 12. Bxf6 Rxf6 13. Ne4 Rh6 14. b3 Bf7 15. Qe1 a6 16. Nbc3 Nd4 17. Rd1 Bf8 18. Bb1 Qh4 19. h3 Nf3+ 20. Kh1 Nxe1 21. Rdxe1 Be6 0-1

[Event "Live Chess"]
[Site "Chess.com"]
[Date "2024.06.01"]
[Round "-"]
[White "CarmelJane"]
[Black "Capybaras_r_happybaras"]
[Result "1-0"]
[WhiteElo "2069"]
[BlackElo "1066"]
[TimeControl "300"]
[EndTime "14:53:12 PDT"]
[Termination "CarmelJane won on time"]

1. e4 e5 2. Nf3 Nf6 3. Nc3 Bc5 4. Bc4 Nc6 5. d3 d6 6. Bg5 Bg4 7. Nd5 Bxf3 8. Qxf3 Nd4 9. Qd1 c6 10. Ne3 d5 11.
exd5 cxd5 12. Nxd5 Qd6 13. Bxf6 gxf6 14. c3 O-O-O 15. cxd4 exd4 16. O-O Rhg8 17. Qf3 Rde8 18. Nxf6 Rxg2+ 19. Kxg2 Rh8 20. Qg4+ Kb8 21. Qg3 Qf4 22. Qxf4+ Ka8 23. Rfe1 Be7 24. Rxe7 h6 25. Re8+ Rxe8 26. Nxe8 a6 27. Nc7+ Ka7 28. Nb5+ 1-0

[Event "Live Chess"]
[Site "Chess.com"]
[Date "2024.06.01"]
[Round "-"]
[White "AndrewBak1"]
[Black "IgorSchukin"]
[Result "1-0"]
[WhiteElo "1875"]
[BlackElo "1703"]
[TimeControl "300"]
[EndTime "14:53:19 PDT"]
[Termination "AndrewBak1 won by resignation"]

1. e4 c5 2. Nf3 e6 3. d4 cxd4 4. Nxd4 Nc6 5. c4 a6 6. Nc3 Qc7 7. Be3 Nf6 8. Rc1 Bb4 9. Bd3 O-O 10. O-O d6 11. Nd5 Bc5 12. Nxc7 1-0

[Event "Live Chess"]
[Site "Chess.com"]
[Date "2024.06.01"]
[Round "-"]
[White "NeilDruggan73"]
[Black "hapehansen"]
[Result "0-1"]
[WhiteElo "1753"]
[BlackElo "2271"]
[TimeControl "300"]
[EndTime "14:53:22 PDT"]
[Termination "hapehansen won by resignation"]

1. d4 Nf6 2. Bg5 e6 3. e4 h6 4. Bxf6 Qxf6 5. c3 c5 6. Nf3 d5 7. Nbd2 cxd4 8. cxd4 Nc6 9. Bb5 Bd7 10. O-O Bb4 11. exd5 exd5 12. Re1+ Be7 13. Ne5 Nxe5 14.
dxe5 Qe6 15. Qa4 Bxb5 16. Qxb5+ Qd7 17. Qd3 O-O 18. Rad1 Bb4 19. a3 Bxd2 20. Rxd2 Rad8 21. Red1 Qe6 22. Qc3 Rd7 23. b4 g5 24. a4 Re8 25. Re1 Qc6 26. Qh3 Kg7 27. b5 Rxe5 28. Rdd1 Rxe1+ 29. Rxe1 Qd6 30. Qd3 d4 31. h3 b6 32. g4 Qg6 33. Rd1 Qxd3 34. Rxd3 Kf6 35. Kg2 Ke5 36. f3 Kd5 37. Kg3 Kc4 38. Rd1 d3 39. h4 d2 40. hxg5 hxg5 41. f4 gxf4+ 42.
Kxf4 Kd3 43. Kf3 Kc2 44. Rxd2+ Rxd2 0-1

[Event "Live Chess"]
[Site "Chess.com"]
[Date "2024.06.01"]
[Round "-"]
[White "dhairyapandyauk"]
[Black "asingardenof"]
[Result "1-0"]
[WhiteElo "1654"]
[BlackElo "616"]
[TimeControl "300"]
[EndTime "14:53:27 PDT"]
[Termination "dhairyapandyauk won by resignation"]

1. e4 c6 2. d4 d5 3. exd5 cxd5 4. Bf4 Nc6 5. Nc3 Nf6 6. Nb5 Rb8 7. Bxb8 Bd7 8. Nc7+ Qxc7 9. Bxc7 e6 10. Bb5 a6 11. Bxc6 Bxc6 12. Qd2 Kd7 13. Be5 Ne4 14. Qe3 Bb4+ 15. c3 Ba5 16. f3 Nf6 17. Bxf6 gxf6 18.
Qf4 Ke7 19. Kd2 e5 20. dxe5 fxe5 21. Qxe5+ Kf8 22. Qxh8+ Ke7 23. Re1+ 1-0

[Event "Live Chess"]
[Site "Chess.com"]
[Date "2024.06.01"]
[Round "-"]
[White "bez2104"]
[Black "Rusty_Bridges"]
[Result "0-1"]
[WhiteElo "1552"]
[BlackElo "1543"]
[TimeControl "300"]
[EndTime "14:53:28 PDT"]
[Termination "Rusty_Bridges won on time"]

1. e4 d6 2. d4 Nf6 3. Nc3 Nbd7 4. Nf3 e5 5. Be3 h6 6. h3 Be7 7. Bd3 c6 8. O-O Qc7 9. dxe5 dxe5 10. Qe1 g5 11. Rd1 Nf8 12. a4 Ng6 13. Bc4 Nf4 14. Bxf4 gxf4 15. Nh4 Rg8 16. Nf5 Bxf5 17. exf5 f3 18.
g3 Bc5 19. Ne4 Nxe4 20. Qxe4 Rxg3+ 21. Kh2 Rg2+ 22. Kh1 Rxf2 23. f6 Rxf1+ 24. Rxf1 O-O-O 25. Bxf7 Qxf7 26. Qf5+ Rd7 27. Rd1 Kc7 28. Qxe5+ Kb6 29.
Rxd7 Qxd7 30. b4 Qxh3+ 31. Qh2 Qxh2+ 32. Kxh2 f2 33. Kg2 Bxb4 34. Kxf2 Ka5 35. Kf3 Kxa4 36. Kg4 a5 37. Kf5 Kb5 38. Kg6 a4 39. f7 a3 40.
c3 Bc5 41. Kg7 a2 42. f8=Q Bxf8+ 43. Kf7 a1=Q 0-1

[Event "Live Chess"]
[Site "Chess.com"]
[Date "2024.06.01"]
[Round "-"]
[White "upoe610"]
[Black "IanCalvert2"]
[Result "1/2-1/2"]
[WhiteElo "2212"]
[BlackElo "1657"]
[TimeControl "300"]
[EndTime "14:53:47 PDT"]
[Termination "Game drawn by repetition"]

1. e4 d5 2. exd5 Qxd5 3. h3 Nf6 4. Nf3 Bf5 5. d4 c6 6. c4 Qa5+ 7. Nc3 e6 8. Be2 Nbd7 9. O-O Be7 10. Bd2 Qc7 11. Rc1 O-O 12. a3 Rad8 13. Re1 Qb8 14. Nh4 Bg6 15. Nxg6 hxg6 16. Bf3 e5 17. d5 cxd5 18.
Nxd5 Nxd5 19. cxd5 Bd6 20. Bb4 Rc8 21. Rxc8 Rxc8 22. Qb3 b6 23. Bg4 f5 24. Be2 e4 25.
Bb5 Nc5 26. Bxc5 Rxc5 27. Bc6 Kh7 28. Qd1 Qd8 29. b4 Rc3 30. Qa1 Qf6 31. a4 Qe5 32.
g3 Rxg3+ 33. fxg3 Qxg3+ 34. Kf1 Qf3+ 35. Kg1 Qg3+ 36. Kf1 Qf3+ 37. Kg1 Qg3+ 1/2-1/2

[Event "Live Chess"]
[Site "Chess.com"]
[Date "2024.06.01"]
[Round "-"]
[White "DylanMeyer1"]
[Black "oscalik"]
[Result "0-1"]
[WhiteElo "1709"]
[BlackElo "2332"]
[TimeControl "300"]
[EndTime "14:53:54 PDT"]
[Termination "oscalik won on time"]

1. c4 Nf6 2. Nc3 c5 3. g3 d5 4.
cxd5 Nxd5 5. Bg2 Nc7 6. b3 Nc6 7. Bb2 e5 8. d3 Be7 9. Nf3 O-O 10. O-O Bd7 11. Rc1 Rc8 12. e3 b6 13. d4 cxd4 14.
exd4 Bg4 15. Qd2 Bxf3 16. Bxf3 Nxd4 17. Qd3 Nxf3+ 18. Qxf3 Ne6 19. Nd5 Rxc1 20. Nxe7+ Qxe7 21. Rxc1 Nd4 22. Qe4 Rd8 23. Rd1 f5 24. Qd3 b5 25.
Rc1 e4 26. Qe3 Nf3+ 27. Kg2 h6 28. h4 Kh7 29. Qf4 Qe6 30. Rc7 Rd7 31. b4 Ne1+ 32. Kh2 Nd3 33. Rxd7 Qxd7 0-1

[Event "Live Chess"]
[Site "Chess.com"]
[Date "2024.06.01"]
[Round "-"]
[White "ShanthamGrarks"]
[Black "DoggyDalmatian"]
[Result "1-0"]
[WhiteElo "1717"]
[BlackElo "1535"]
[TimeControl "300"]
[EndTime "14:54:01 PDT"]
[Termination "ShanthamGrarks won by resignation"]

1. d4 d5 2. Nc3 Nf6 3. Bf4 c6 4. e3 e6 5. Nf3 Bd6 6. Ne5 O-O 7.
g4 Bxe5 8. dxe5 Nfd7 9. Bd3 Nc5 10. Bxh7+ Kxh7 11. g5 Ne4 12. Qh5+ Kg8 13. Nxe4 dxe4 14. Rg1 g6 15. Qh6 Re8 16. h4 Qe7 17. h5 Qf8 18. hxg6 fxg6 19. Qxg6+ Qg7 20. Qh5 Bd7 21. g6 Rf8 22. Bh6 Rf5 23. Qh4 1-0

[Event "Live Chess"]
[Site "Chess.com"]
[Date "2024.06.01"]
[Round "-"]
[White "StoreySniper"]
[Black "MellowAesthetic"]
[Result "1-0"]
[WhiteElo "2534"]
[BlackElo "2075"]
[TimeControl "300"]
[EndTime "14:54:21 PDT"]
[Termination "StoreySniper won by resignation"]

1. c4 e5 2. g3 Nf6 3. Bg2 d5 4.
cxd5 Nxd5 5. Nc3 Nb6 6. e3 Nc6 7. Nge2 Be6 8. d4 exd4 9. exd4 Nd5 10. O-O Qd7 11. Bxd5 Bxd5 12. Nf4 Ne7 13. Re1 c6 14. Bd2 O-O-O 15. Qa4 Kb8 16. b4 g5 17. Nd3 Qh3 18.
Nxd5 Nxd5 19. Bxg5 f6 20. Bf4+ Ka8 21. b5 Nc3 22.
Qa5 1-0

[Event "Live Chess"]
[Site "Chess.com"]
[Date "2024.06.01"]
[Round "-"]
[White "lateforthesky"]
[Black "McFim"]
[Result "1-0"]
[WhiteElo "2133"]
[BlackElo "1622"]
[TimeControl "300"]
[EndTime "14:54:28 PDT"]
[Termination "lateforthesky won by resignation"]

1. e4 c6 2. Nf3 d5 3. exd5 cxd5 4. Ne5 Nf6 5. d4 Nc6 6. Bb5 Bd7 7. Nxd7 Qxd7 8.
O-O a6 9. Be2 e6 10. c3 Bd6 11. f4 g6 12. Nd2 h5 13. Nf3 Ne4 14. Ne5 Qc7 15. Bd3 Rg8 16. Qe2 f5 17. Be3 Nxe5 18.
fxe5 Be7 19. Rac1 b5 20. a4 Rb8 21. axb5 axb5 22. Bxb5+ Kf7 23. Bd3 Rb6 24. c4 Qb7 25.
Rc2 Rb8 26. Bc1 Kg7 27. c5 Rb3 28. Bxe4 dxe4 29. Qc4 Qc6 30. Rc3 R3b4 31. Qe2 Rxd4 32. Qe3 Bxc5 33. Qh6+ Kf7 34. Qh7+ Ke8 35. Qxg6+ Kd7 36.
Be3 Rd5 37. Bxc5 Rxc5 38. Rd1+ Kc7 39. Qf7+ Kb6 40. Rd6 1-0

[Event "Live Chess"]
[Site "Chess.com"]
[Date "2024.06.01"]
[Round "-"]
[White "nigelst"]
[Black "NebodarMatevich"]
[Result "1/2-1/2"]
[WhiteElo "1676"]
[BlackElo "1562"]
[TimeControl "300"]
[EndTime "14:54:29 PDT"]
[Termination "Game drawn by repetition"]

1. e4 d5 2. exd5 Qxd5 3. Nc3 Qd6 4. d4 Nf6 5. Nf3 a6 6. Bc4 b5 7. Bb3 c5 8. a4 b4 9. dxc5 Qxd1+ 10. Nxd1 Bb7 11.
Ne5 e6 12. O-O Bxc5 13. Be3 Bxe3 14. Nxe3 O-O 15. N3c4 Nc6 16. Nxc6 Bxc6 17. Ne5 Bb7 18. Rfd1 Rfd8 19. f3 h6 20. Kf2 Nd5 21. g3 Kf8 22. Rd3 Ke7 23. Rad1 Rac8 24. Nc4 Rc7 25. Ne3 Rcd7 26. Nxd5+ Bxd5 27. Bxd5 Rxd5 28. Rxd5 Rxd5 29. Rxd5 exd5 30. Ke3 a5 31. Kd4 Kd6 32. f4 f5 33.
h3 h5 34. b3 h4 35. gxh4 g6 36. c4 bxc3 37. Kxc3 Kc5 38. h5 gxh5 39. h4 d4+ 40. Kd3 Kb4 41. Kxd4 Kxb3 42. Ke5 Kxa4 43. Kxf5 Kb3 44.
Kg5 a4 45. f5 a3 46. f6 a2 47.
f7 a1=Q 48. f8=Q Qc1+ 49. Kxh5 Qd1+ 50. Kg5 Qg1+ 51. Kh5 Qd1+ 52. Kh6 Qd2+ 53. Kh7 Qd3+ 54. Kh6 Qe3+ 55. Kh5 Qe2+ 56. Kg5 Qg2+ 57. Kh5 Qe2+ 58.
Kh6 Qe3+ 59. Kh5 Qe2+ 1/2-1/2

[Event "Live Chess"]
[Site "Chess.com"]
[Date "2024.06.01"]
[Round "-"]
[White "Dhaydon19"]
[Black "CCGoodKnightRookie"]
[Result "1-0"]
[WhiteElo "2677"]
[BlackElo "2358"]
[TimeControl "300"]
[EndTime "14:54:36 PDT"]
[Termination "Dhaydon19 won by resignation"]

1. d4 d5 2. Nf3 e6 3. g3 c5 4.
c3 Nc6 5. Bg2 cxd4 6. Nxd4 Bd6 7.
Nxc6 bxc6 8. O-O Nf6 9. Nd2 O-O 10. e4 dxe4 11. Nxe4 Nxe4 12. Bxe4 Bb7 13. Qf3 Qc7 14.
Qh5 g6 15. Qh6 Rfe8 16. Bg5 c5 17. Bf6 Bf8 18. Qe3 Bg7 19. Bxg7 Kxg7 20. Bxb7 Qxb7 21. b3 Rac8 22. Rad1 c4 23. b4 Red8 24. Qe5+ Kg8 25. Rd4 Rxd4 26. Qxd4 Qf3 27. Re1 Qd3 28. Rd1 Qc2 29.
Rd2 Qb1+ 30. Kg2 Qe1 31. Qd7 Rf8 32. Qd4 Rc8 33. Qe3 Qxe3 34. fxe3 a5 35. b5 a4 36. Rb2 Rb8 37. Kf3 a3 38. Rb4 Kf8 39. Ke4 Ke7 40.
Kd4 Kd6 41. Kxc4 e5 42. b6 Kc6 43. b7 f5 44. Rb5 e4 45. Rb3 h6 46. h4 g5 47.
hxg5 hxg5 48. Kd4 Kd6 49. c4 Kc6 50. Rb5 f4 51. gxf4 gxf4 52. exf4 Kc7 53. Kxe4 Re8+ 54.
Kd4 Kb8 55. c5 Rd8+ 56. Kc4 Rd2 57. c6 Rc2+ 58. Kd5 Rd2+ 59. Kc5 Rc2+ 60. Kb6 Rc3 61. f5 Rc5 62. Kxc5 1-0

[Event "Live Chess"]
[Site "Chess.com"]
[Date "2024.06.01"]
[Round "-"]
[White "WelshTiger"]
[Black "peteopeteo"]
[Result "1-0"]
[WhiteElo "2512"]
[BlackElo "1574"]
[TimeControl "300"]
[EndTime "14:54:39 PDT"]
[Termination "WelshTiger won - game abandoned"]

1. e4 c6 2. d4 d5 3. Nc3 dxe4 4. Nxe4 Nf6 5. Nxf6+ exf6 6. c3 Bd6 7. Bd3 O-O 8.
Qc2 Re8+ 9. Ne2 g6 10. h4 Qe7 11. h5 Nd7 12. hxg6 fxg6 13. Bxg6 Qxe2+ 14. Qxe2 Rxe2+ 15. Kxe2 hxg6 16. b3 Nb6 17. c4 Bg4+ 18. f3 Re8+ 19. Kf2 Bf5 20. c5 Bxc5 21. dxc5 Nd5 22. Bd2 Rd8 23.
g4 Be6 24. Rhe1 Kf7 25. Rh1 g5 26. Rh7+ Kg6 27. Rxb7 Rh8 28. Kg3 Ra8 29. Re1 Bf7 30. f4 gxf4+ 31. Bxf4 Nxf4 32. Kxf4 Rd8 33. Rxa7 Rd4+ 34.
Re4 Rd2 35. Ke3 Rd1 36. Rxf7 Kxf7 37. Rd4 Re1+ 38. Kf2 Ra1 39. a4 Ra2+ 40. Kf3 Rb2 41. Rb4 Rc2 42. Rb7+ Ke6 43. b4 Rc4 44. a5 Ke5 45. a6 Rc3+ 46. Kg2 Kf4 47. a7 Kxg4 48.
a8=Q Rc2+ 49. Kf1 Kf3 50. Re7 1-0

[Event "Live Chess"]
[Site "Chess.com"]
[Date "2024.06.01"]
[Round "-"]
[White "kylet1990"]
[Black "SavagePawn7"]
[Result "1-0"]
[WhiteElo "738"]
[BlackElo "659"]
[TimeControl "300"]
[EndTime "14:55:28 PDT"]
[Termination "kylet1990 won by checkmate"]

1. e4 d5 2. exd5 Nf6 3. d4 Nxd5 4. Bf4 Nc6 5. Bc4 Be6 6. Nf3 Nxf4 7. g3 Bxc4 8. b3 Bd5 9. O-O Nh3+ 10. Kg2 Qc8 11. Nc3 Bxf3+ 12. Qxf3 e6 13. d5 Ng5 14. Qg4 f6 15.
dxc6 Bd6 16. Rfe1 O-O 17. cxb7 Qxb7+ 18. Kg1 h6 19. h4 f5 20. Qc4 Nf3+ 21. Kf1 Nxe1 22.
Qxe6+ Kh7 23. Rxe1 Qc6 24. Nd5 Rfe8 25. Qf7 Qxd5 26. Qxd5 Red8 27. c4 Bb4 28. Qxf5+ Kh8 29. Re6 Rd1+ 30. Kg2 Rdd8 31. Rg6 Rf8 32. Qd7 Bc5 33.
Qxg7# 1-0

[Event "Live Chess"]
[Site "Chess.com"]
[Date "2024.06.01"]
[Round "-"]
[White "Plato_77"]
[Black "Pandreq"]
[Result "0-1"]
[WhiteElo "1333"]
[BlackElo "1191"]
[TimeControl "300"]
[EndTime "14:55:40 PDT"]
[Termination "Pandreq won by resignation"]

1. d4 d5 2. Bf4 c6 3. Nf3 Nf6 4. e3 Bf5 5. c4 e6 6. Qb3 Qc8 7.
cxd5 cxd5 8. Bb5+ Nbd7 9. Ne5 a6 10. Bxd7+ Nxd7 11. Nd2 Nxe5 12. Bxe5 Qc2 13. Qxc2 Bxc2 14.
Rc1 Bd3 15. Rc7 b5 16. f3 f6 17. Kf2 fxe5 18. dxe5 Bb4 19. Nb3 O-O 20. Rhc1 Bc4 21.
Nd4 Rfe8 22. b3 Bd2 23. Rc2 Ba5 24. bxc4 Bxc7 25. cxd5 Bxe5 26. dxe6 Bxd4 27. exd4 Rxe6 28. d5 Rd6 29. Rd2 Rad8 0-1

[Event "Live Chess"]
[Site "Chess.com"]
[Date "2024.06.01"]
[Round "-"]
[White "gmnorfolk"]
[Black "agamilewska"]
[Result "1-0"]
[WhiteElo "2107"]
[BlackElo "1770"]
[TimeControl "300"]
[EndTime "14:55:51 PDT"]
[Termination "gmnorfolk won by resignation"]

1. e4 e5 2. Nf3 Nc6 3. Bc4 h6 4. O-O Nf6 5. d4 exd4 6. e5 Nh7 7. Nxd4 Nxd4 8. Qxd4 Be7 9. Nc3 O-O 10. Qe4 Ng5 11. Qe2 d6 12. f4 Ne6 13. Be3 c6 14. f5 Nc5 15. Bxc5 dxc5 16. f6 gxf6 17. exf6 Bxf6 18. Ne4 Qd4+ 19. Kh1 Bg7 20. Rad1 Qxb2 21. Bxf7+ Rxf7 22. Rd8+ Rf8 23. Rdxf8+ Bxf8 24. Nf6+ Kh8 25. Qe8 Bh3 26.
Qg6 Bxg2+ 27. Kxg2 Qxf6 28. Rxf6 Bg7 29. Rf7 Rg8 30. Kh3 1-0

[Event "Live Chess"]
[Site "Chess.com"]
[Date "2024.06.01"]
[Round "-"]
[White "bonantagulo"]
[Black "JanMur7"]
[Result "1-0"]
[WhiteElo "2149"]
[BlackElo "2283"]
[TimeControl "300"]
[EndTime "14:55:56 PDT"]
[Termination "bonantagulo won on time"]

1. d4 Nf6 2. c4 a6 3. Nf3 b5 4. e3 bxc4 5. Bxc4 e6 6. O-O Be7 7. Nc3 O-O 8. e4 d5 9. Bd3 dxe4 10. Nxe4 Nbd7 11. Qe2 Bb7 12. Re1 Nxe4 13. Bxe4 Bxe4 14. Qxe4 Nf6 15. Qc6 Qd6 16. Qc2 c5 17. dxc5 Qxc5 18. Qxc5 Bxc5 19. Bg5 Nd5 20. Rac1 Rfc8 21. a3 h6 22. Bh4 a5 23. Rc2 Bd6 24. Rec1 Rxc2 25.
Rxc2 Rb8 26. Bg3 Bxg3 27. hxg3 a4 28. Ne5 Rb3 29. Rc4 Nb6 30. Rb4 Rxb4 31. axb4 f6 32. Nd3 Nc4 33. Kf1 Nxb2 34. Ke2 a3 35. Nc1 Na4 36. Kd2 Kf7 37. Kc2 Nb6 38. Kb3 Nd5 39. Kxa3 Nc3 40. Kb3 Ne4 41. Nd3 Ke7 42. Kc4 Kd6 43.
Kb5 Kd5 44. Kb6 Kc4 45. Nc5 Nxf2 46. b5 e5 47. Kc6 e4 48. b6 e3 49. b7 e2 50. b8=Q e1=Q 51. Qf4+ Kc3 52. Qf3+ Kd2 53.
Nb3+ Kc2 54. Nd4+ Kd2 55. Nb3+ Kc2 56. Nc5 Kc1 57. Qa3+ Kd1 58. Qb2 Qd2 59. Qxd2+ Kxd2 60. Ne6 g5 61. Kd6 Ne4+ 62. Ke7 f5 63. Kf7 Nxg3 64.
Kg6 f4 65. Kxh6 Ne4 66. Nxg5 Nxg5 67. Kxg5 Ke3 68. Kg4 Ke4 69. Kg5 Ke3 70. Kg4 Kf2 71. Kh3 f3 72. g4 Ke2 73. g5 f2 74. Kg4 f1=Q 75. Kh5 1-0

[Event "Live Chess"]
[Site "Chess.com"]
[Date "2024.06.01"]
[Round "-"]
[White "willc-h99"]
[Black "GerardATHart"]
[Result "1-0"]
[WhiteElo "2625"]
[BlackElo "1391"]
[TimeControl "300"]
[EndTime "14:55:59 PDT"]
[Termination "willc-h99 won by resignation"]

1. d4 f5 2. Bg5 g6 3. h4 d6 4. h5 Bg7 5. h6 Bf6 6. Nf3 Nc6 7. Nc3 e5 8. dxe5 dxe5 9. Qxd8+ Nxd8 10. Bxf6 Nxf6 11.
Nxe5 Be6 12. O-O-O O-O 13. g3 Ng4 14. Nxg4 fxg4 15.
Ne4 Bf5 16. Ng5 Ne6 17. Nxe6 Bxe6 18. Rh2 Rf5 19. e3 Bxa2 20. b3 Ra5 21. Kb2 Re8 22. Ra1 Re6 23. Bc4 1-0

[Event "Live Chess"]
[Site "Chess.com"]
[Date "2024.06.01"]
[Round "-"]
[White "KeithArkell"]
[Black "Queensandpawns"]
[Result "1/2-1/2"]
[WhiteElo "2415"]
[BlackElo "2382"]
[TimeControl "300"]
[EndTime "14:56:15 PDT"]
[Termination "Game drawn by repetition"]

1. d4 Nc6 2. d5 Ne5 3. Nf3 Ng6 4. c4 e6 5. Nc3 Nf6 6. g3 e5 7. Bg2 d6 8. O-O Be7 9. e4 O-O 10. b4 a5 11. bxa5 Nd7 12. Be3 Rxa5 13. a4 b6 14. Nd2 Nc5 15. Bxc5 Rxc5 16. Qe2 Ra5 17. Nb3 Ra8 18. a5 bxa5 19. Nxa5 Bd7 20. Nc6 Bxc6 21. dxc6 Bg5 22. Nd5 Ne7 23. Rxa8 Qxa8 24. Nxc7 Qxc6 25. Nd5 Nxd5 26. exd5 Qc5 27. h4 Bd8 28. Rb1 Bb6 29.
Rb5 Qd4 30. Qb2 Qd1+ 31. Kh2 Bd4 32. Qa2 Qe1 33. f3 f5 34. Rb1 Qe3 35. Rb3 Qh6 36. Kh3 f4 37. g4 Qf6 38. Qe2 h5 39. Qe4 hxg4+ 40. fxg4 Qh6 41. Rb7 Bf2 42. h5 Qg5 43. Bf3 Qh4+ 44. Kg2 Qg3+ 45. Kf1 Qg1+ 46. Ke2 Qe1+ 47.
Kd3 Be3 48. Rxg7+ Kxg7 49. Qg6+ Kh8 50. Qh6+ Kg8 51. Qg6+ Kh8 52. Qh6+ Kg8 53. Qg6+ Kh8 1/2-1/2

[Event "Live Chess"]
[Site "Chess.com"]
[Date "2024.06.01"]
[Round "-"]
[White "jimwad"]
[Black "Crowded_House"]
[Result "0-1"]
[WhiteElo "1285"]
[BlackElo "1741"]
[TimeControl "300"]
[EndTime "14:56:16 PDT"]
[Termination "Crowded_House won by resignation"]

1. d4 e6 2. c4 d5 3. Nc3 c6 4.
Bf4 Bd6 5. Bxd6 Qxd6 6. c5 Qc7 7. Nf3 b6 8. b4 b5 9. e3 a5 10. a3 Qb7 11. Ne5 Nd7 12. Nf3 axb4 13. axb4 Ngf6 14. Bd3 O-O 15. O-O Rd8 16. Qc2 Nf8 17. Qb2 Bd7 18.
Ne5 Ng6 19. Nxd7 Nxd7 20. Bxg6 hxg6 21. Rxa8 Rxa8 22. Ra1 Ra7 23. Rxa7 Qxa7 24. h3 Nf6 25. Ne2 Qa4 26. Nc3 Qa8 27. Ne2 Ne4 28. f3 Nf6 29.
Kf2 Qa4 30. Nc3 Qa8 31. Qa2 Qxa2+ 32. Nxa2 Nd7 33. g4 e5 34. h4 f6 35. Nc1 Kh7 36.
Nb3 Kh6 37. Na5 Nb8 38. Kg3 exd4 39. exd4 g5 40. h5 g6 41. hxg6 Kxg6 42. f4 f5 43.
gxf5+ Kxf5 44. fxg5 Kxg5 45. Kf3 Kf5 46. Ke3 Kg4 47. Nb3 Kg3 48. Na5 Kg4 49. Nb3 Na6 50. Na5 Nxb4 51. Ke2 Kf4 52. Kd2 Ke4 53. Kc3 Na2+ 54.
Kb3 Nc1+ 55. Kc3 Ne2+ 56. Kb4 Nxd4 57. Kc3 Ke5 58. Kd3 Nf5 59. Nxc6+ Ke6 60. Nd4+ Nxd4 61.
Kxd4 b4 62. c6 Kd6 63. c7 Kxc7 64. Kxd5 b3 65. Kc4 b2 66. Kc3 b1=Q 0-1

[Event "Live Chess"]
[Site "Chess.com"]
[Date "2024.06.01"]
[Round "-"]
[White "Mangoalo"]
[Black "lestmak"]
[Result "1-0"]
[WhiteElo "1064"]
[BlackElo "527"]
[TimeControl "300"]
[EndTime "14:56:17 PDT"]
[Termination "Mangoalo won by resignation"]

1. e4 c6 2. Nf3 d5 3. exd5 cxd5 4.
Bb5+ Nc6 5. Bxc6+ bxc6 6. d4 Bg4 7. Bf4 Bxf3 8. Qxf3 e6 9. O-O Nf6 10. Bg5 Be7 11. Nc3 h6 12. Bxf6 Bxf6 13. Rad1 O-O 14. g4 Qb6 15. Qd3 Qxb2 16. f4 Qb6 17. h4 Bxh4 18.
Kg2 Bf6 19. Kh3 c5 20. dxc5 Qxc5 21. Ne2 Qd6 22. g5 hxg5 23. fxg5 Bxg5 24. Qg3 Qxg3+ 25.
Nxg3 Bf6 26. Nh5 Rfc8 27. Rg1 Kf8 28. Nxf6 gxf6 29. Rg2 Ke7 30. Rdg1 Rh8+ 31. Kg3 Rag8+ 32. Kf3 Rh3+ 33. Rg3 Rhh8 34. Rxg8 Rxg8 35. Rxg8 1-0

[Event "Live Chess"]
[Site "Chess.com"]
[Date "2024.06.01"]
[Round "-"]
[White "LL220284LL"]
[Black "blunderabit"]
[Result "1-0"]
[WhiteElo "2531"]
[BlackElo "1801"]
[TimeControl "300"]
[EndTime "14:56:22 PDT"]
[Termination "LL220284LL won by resignation"]

1. Nf3 g6 2. g3 Bg7 3. Bg2 e5 4. d3 d6 5. O-O f5 6. c4 Nf6 7.
Nc3 c6 8. Rb1 a5 9. a3 O-O 10. Bd2 Kh8 11. b4 axb4 12. axb4 Qe8 13. Ne1 Nbd7 14. Nc2 e4 15. dxe4 Nxe4 16. Nxe4 fxe4 17.
Be3 Nf6 18. Qxd6 Qf7 19. c5 Ra2 20. Qd1 Nd5 21. Bd4 Bf5 22. Ra1 Rfa8 23. Bxg7+ Qxg7 24. Rxa2 Rxa2 25. Ne3 Nc3 26. Nxf5 gxf5 27. Qd8+ Qg8 28. Qf6+ Qg7 29. Qxf5 Nxe2+ 30. Kh1 Nc3 31. Qc8+ Qg8 32.
Qxb7 Qd5 33. Qc8+ Kg7 34. Qg4+ Kf8 35. Qf4+ Ke7 36. Qh6 Rd2 37. Qg7+ 1-0